 Dungeon Crawl Stone Soup version 0.31-a0-408-gb642c7f9a3 (webtiles) character file.

Game seed: 14282250698969023377

1173 floatRand the Grappler (level 8, -15/59 HPs)
             Began as a Yellow Draconian Shapeshifter on July 29, 2023.
             Killed from afar by Maggie (18 damage)
             ... with a bolt of fire
             ... on level 6 of the Dungeon.
             The game lasted 00:04:43 (4386 turns).

floatRand the Grappler (DrSh)                       Turns: 4386, Time: 00:04:44

Health: -15/59     AC:  6    Str: 19    XL:     8   Next: 18%
Magic:  8/8        EV: 12    Int:  8    God:
Gold:   362        SH:  0    Dex: 13    Spells: 7/7 levels left

rFire   . .          .
                       - Unarmed
rCold   . . .        (no shield)
rNeg    . . .        (body armour unavailable)
rPois   .            (helmet currently unavailable)
rElec   .            (cloak currently unavailable)
rCorr   +            (gloves currently unavailable)
SInv    .            (boots currently unavailable)
Will    .....        (no amulet)
Stlth   +            (no ring)
HPRegen 0.29/turn    (no ring)
MPRegen 0.11/turn

%: no passive effects
@: short of breath, beast-form, mesmerised
A: beast (slay +3), spit acid, AC +6, unfitting armour, cold-blooded, acid
resistance
a: Breathe Acid, Begin Untransformation


You were on level 6 of the Dungeon.
You were a hulking beast.
You visited 2 branches of the dungeon, and saw 7 of its levels.

You collected 362 gold pieces.

Inventory:

Missiles
 p - a throwing net
Armour
 u - a +2 cloak of willpower
Jewellery
 r - an amulet of the acrobat
Talismans
 b - a beast talisman
Wands
 t - a wand of flame (10)
Scrolls
 c - a scroll of enchant armour
 d - 2 scrolls of identify
 f - 2 scrolls of amnesia
 g - a scroll of teleportation {unknown}
 h - 2 scrolls of fear
 j - a scroll of brand weapon {unknown}
 k - a scroll of poison {unknown}
 n - 2 scrolls of enchant weapon {unknown}
 s - a scroll of noise {unknown}
Potions
 a - a potion of lignification
 e - 3 potions of curing
 i - a potion of brilliance {unknown}
 l - 2 potions of might {unknown}
 m - 3 potions of enlightenment {unknown}
 o - 2 potions of attraction {unknown}
 q - a potion of heal wounds {unknown}


   Skills:
 - Level 1.1 Fighting
 - Level 1.7 Dodging
 * Level 8.5 Unarmed Combat
 + Level 5.6 Shapeshifting


You had 7 spell levels left.
You didn't know any spells.
Your spell library contained the following spells:

 Spells                   Type           Power      Damage    Failure   Level
 Magic Dart               Conj           0%         1d3       41%         1
 Searing Ray              Conj           0%         2d4       54%         2
 Portal Projectile        Hex/Tloc       0%         N/A       78%         3
 Tukima's Dance           Hex            0%         N/A       78%         3
 Fulminant Prism          Conj/Hex       0%         3d5       99%         4
 Iskenderun's Mystic Bla  Conj/Tloc      0%         2d3       99%         4


Dungeon Overview and Level Annotations

Branches:
Dungeon (6/15)             Temple (1/1) D:5

Altars:
Ashenzari
Cheibriados
Elyvilon
Fedhas
Gozag
Hepliaklqana
Kikubaaqudgha
Makhleb
Nemelex Xobeh
Qazlal
Ru
Sif Muna
Trog
Uskayaw
Vehumet
Xom
Yredelemnul
Zin
The Shining One

Annotations:
D:4 2 transporters, initializr's ghost, amateur OgIE
D:6 Maggie


Innate Abilities, Weirdness & Mutations

You are a hulking beast.
Your limbs bulge with bestial killing power. (Slay +3)
You can spit globs of acid.
Your golden yellow scales are hard. (AC +6)
You cannot fit into any form of body armour.
You are cold-blooded and may be slowed by cold attacks.
You are resistant to acid. (rCorr)


Message History

There is a stone staircase leading down here.
Unknown command.
There is a stone staircase leading down here.
You start resting.
HP restored.
You climb downwards.
There is a stone staircase leading up here.
Maggie shouts!
Maggie points at you and mumbles some strange words.
The bolt of fire hits you!!
You spit a glob of acid.
The glob of acid hits Maggie!
The acid corrodes Maggie!
Maggie is lightly wounded.
Maggie closely misses you.
Maggie mumbles some strange words.
Maggie attempts to bespell you!
You are mesmerised by Maggie!
You punch Maggie!
Maggie is moderately wounded.
Maggie hits you with a +0 glaive!!
You can't do that yet.
You punch Maggie! You punch Maggie.
Maggie is severely wounded.
Maggie hits you with a +0 glaive!
* * * LOW HITPOINT WARNING * * *
You hit Maggie.
Maggie is severely wounded.
Maggie hits you with a +0 glaive!
* * * LOW HITPOINT WARNING * * *
You punch Maggie!
Maggie is almost dead.
Maggie barely misses you.
Unknown command.
You closely miss Maggie. Your punch misses Maggie.
Maggie is almost dead.
You closely miss Maggie.
Maggie is almost dead.
Maggie points at you and mumbles some strange words.
The bolt of fire hits you!!
You die...

.... # ....... $(...
##. #....... .....
.... #.....### .....
....# #.......# l...#
#...# #........
#..S###
#....###.......
......###
##..........#
........###....@h...#
....<..........###<.#
:............. #..#
..$######.... ##..#
... ##. ..# ... # #.#
... .. .## #.. # ..#


You could see Maggie (mesmerising, corroded).

Vanquished Creatures
  A black bear (D:5)
  An ice beast (D:3)
  An ogre (D:5)
  A phantom (D:5)
  A centaur (D:5)
  2 scorpions
  2 howler monkeys (D:5)
  2 orc priests (D:4)
  Crazy Yiuf (D:5)
  2 hounds (D:5)
  5 iguanas
  An orc wizard (D:4)
  12 adders
  A shadow imp (D:3)
  An ufetubus (D:4)
  4 worms
  3 dart slugs
  17 orcs
  8 ball pythons
  7 endoplasms
  6 giant cockroaches
  13 goblins
  13 hobgoblins
  A jackal (D:3)
  4 quokkas
  8 bats
  3 frilled lizards (D:1)
  8 kobolds
  5 rats
134 creatures vanquished.

Vanquished Creatures (others)
  A kobold (D:3)
1 creature vanquished.

Grand Total: 135 creatures vanquished

Notes
Turn   | Place    | Note
-------+----------+-------------------------------------------
     0 | D:1      | floatRand the Draconian Shapeshifter began the quest for
                  | the Orb.
     0 | D:1      | Reached XP level 1. HP: 16/16 MP: 1/1
   155 | D:1      | Reached XP level 2. HP: 21/23 MP: 2/2
   294 | D:1      | Found a faded altar of an unknown god.
   472 | D:1      | Reached XP level 3. HP: 28/28 MP: 3/3
   749 | D:2      | Reached skill level 4 in Unarmed Combat
   972 | D:2      | Reached XP level 4. HP: 34/35 MP: 4/4
  1432 | D:3      | Found a hide-covered altar of Uskayaw.
  1437 | D:3      | Found a shimmering blue altar of Sif Muna.
  1580 | D:3      | Noticed an ice beast
  1593 | D:3      | Killed an ice beast
  1594 | D:3      | Reached skill level 5 in Unarmed Combat
  1594 | D:3      | Reached XP level 5. HP: 40/40 MP: 5/5
  1849 | D:3      | Found a shimmering altar of Xom.
  2268 | D:4      | Found a transporter.
  2271 | D:4      | Noticed initializr's ghost (amateur OgIE)
  2295 | D:4      | Found a transporter.
  2333 | D:4      | Reached XP level 6. HP: 35/47 MP: 6/6
  2548 | D:4      | Reached skill level 6 in Unarmed Combat
  3056 | D:5      | Entered Level 5 of the Dungeon
  3065 | D:5      | Found a staircase to the Ecumenical Temple.
  3093 | Temple   | Entered the Ecumenical Temple
  3129 | D:5      | Your scales start taking on a golden yellow colour.
  3129 | D:5      | Reached XP level 7. HP: 47/52 MP: 7/7
  3129 | D:5      | Gained mutation: You are resistant to acid. (rCorr) [Yellow
                  | Draconian growth]
  3260 | D:5      | Reached skill level 7 in Unarmed Combat
  3381 | D:5      | Reached skill level 5 in Shapeshifting
  3536 | D:5      | Reached skill level 8 in Unarmed Combat
  3650 | D:5      | Reached XP level 8. HP: 33/59 MP: 8/8
  3855 | D:5      | Found a sparkling altar of Nemelex Xobeh.
  4261 | D:5      | Found a runed translucent door.
  4262 | D:5      | Noticed Crazy Yiuf
  4276 | D:5      | Killed Crazy Yiuf
  4377 | D:6      | Noticed Maggie
  4386 | D:6      | Killed from afar by Maggie

Illustrated notes

Levels and vault maps discovered:
D:1:      matt_arrival_grand_opening, layout_basic,
          chequers_ecumenical_altar_lobes
D:2:      minmay_angry_zag, layout_loops_ring
D:3:      kennysheep_big_flooded_room, layout_rooms, xom_confusion_cloud,
          mainiacjoe_overflow_catwalk_spiral
D:4:      cheibrodos_pilgrimage, layout_cave_pools, gammafunk_ghost_stat_death
D:5:      layout_loops_ring, nemelex_dance_club_becter,
          minmay_temple_entry_mist, dk_noncrumbling_2, minmay_pentangle,
          uniq_crazy_yiuf_cottage
D:6:      layout_layer_cave, serial_shops, shop, serial_bayou_lagoon_b,
          uniq_eustachio, uniq_maggie
Temple:   regret_index_temple_generic_petals

Skill      XL: |  1  2  3  4  5  6  7 |
---------------+----------------------+-----
Unarmed Combat | 4 5 6 8 |  8.5
Shapeshifting  | 4 5 |  5.6
Fighting       | |  1.1
Dodging        | |  1.7

Action                     |  1- 3 |  4- 6 |  7- 9 || total
---------------------------+-------+-------+-------++-------
  Melee: Unarmed           |   105 |   153 |    60 ||   318
         Tailslap          |    17 |    13 |     9 ||    39
         Punch             |     1 |     6 |     2 ||     9
Ability: Breathe Acid      |       |       |    12 ||    12
    Use: Potion            |       |     1 |       ||     1
         Scroll            |       |     5 |       ||     5
   Stab: Sleeping          |     1 |     3 |       ||     4
 Armour: Skin              |    41 |    53 |     9 ||   103
  Dodge: Dodged            |    54 |    89 |    33 ||   176

Table legend: (Time is in decaauts)
 A = Elapsed time spent in this place.
 B = Non-inter-level travel time spent in this place.
 C = Inter-level travel time spent in this place.
 D = Time resting spent in this place.
 E = Time spent auto-exploring this place.
 F = Levels seen in this place.
 G = Mean time per level.
                   A        B        C        D        E       F      G
               +--------+--------+--------+--------+--------+-----+--------+
         Total |   4361 |   4246 |    115 |    467 |   2814 |   7 |  623.0 |
       Dungeon |   4345 |   4230 |    115 |    467 |   2814 |   6 |  724.2 |
        Temple |     15 |     15 |      0 |      0 |      0 |   1 |   15.0 |
               +--------+--------+--------+--------+--------+-----+--------+

Top non-repeatable levels by time:
     D:5: 1295 daAuts
     D:4: 901 daAuts
     D:2: 734 daAuts
     D:3: 718 daAuts
     D:1: 681 daAuts
  Temple: 15 daAuts
     D:6: 12 daAuts
